 Dungeon Crawl Stone Soup version 0.27-a0-1308-gc08437e49b (webtiles) character file.

Game seed: 18414666863114324841

215120 mandarbmax the Brawler (level 19, 0/162 HPs)
             Began as a Ghoul Monk on June 19, 2021.
             Was the Champion of Nemelex Xobeh.
             Slain by a ghost moth (8 damage)
             ... on level 4 of the Spider Nest on June 27, 2021.
             The game lasted 01:37:11 (38575 turns).

mandarbmax the Brawler (Ghoul Monk)                Turns: 38575, Time: 01:37:13

Health: 0/162      AC: 27    Str: 28    XL:     19   Next: 1%
Magic:  1/30       EV: 19    Int: 10    God:    Nemelex Xobeh [******]
Gold:   789        SH:  9    Dex: 22    Spells: 10/18 levels left

rFire    + . .     SeeInvis .     - Unarmed
rCold    + + .     Faith    .   b - +3 warlock's mirror {reflect}
rNeg     + + +     Spirit   .   I - +6 plate armour of Spring {rN++ Int+3 Slay-2 Stlth+}
rPois    ∞         Reflect  +   z - +0 helmet of Hide-and-Seek {Slay+5}
rElec    +         Harm     .   A - scarf {rC+ rF+}
rCorr    +         Rampage  .   N - +2 pair of gloves {Dex+3}
Will     +++..                  D - +0 pair of boots of the Armadillo {rElec Int+3}
Stlth    +++.......             X - necklace of Bloodlust {*Rage +Rage Will++ Int-3 Slay+6}
HPRegen  0.00/turn              v - +4 ring of evasion
MPRegen  0.22/turn              d - ring "Razuj" {rCorr Str+6 Int+2 Dex+7 Stlth+}

@: no status effects
A: claws 1, cold resistance 1, negative energy resistance 3, inhibited
regeneration, torment resistance 2
}: 1/15 runes: decaying
a: Renounce Religion, Draw Escape, Draw Destruction, Draw Summoning, Triple
Draw, Deal Four, Stack Five


You were on level 4 of the Spider Nest.
You worshipped Nemelex Xobeh.
Nemelex Xobeh was exalted by your worship.
You visited 5 branches of the dungeon, and saw 31 of its levels.
You visited the Abyss 1 time.
You also visited: Sewer and Ossuary.

You collected 4912 gold pieces.
You spent 4123 gold pieces at shops.

Inventory:

Missiles
 h - 75 poisoned darts
 i - 7 javelins
 j - 8 curare-tipped darts
 o - 6 silver javelins
 x - 10 boomerangs (quivered)
 P - 8 boomerangs of dispersal
 W - 7 atropa-tipped darts
Armour
 b - the +3 warlock's mirror (worn) {reflect}
   (You acquired it on level 9 of the Dungeon)
 z - the +0 helmet of Hide-and-Seek (worn) {Slay+5}
   (You found it on level 6 of the Lair of Beasts)

   It affects your accuracy and damage with ranged weapons and melee attacks
   (+5).
 A - a scarf of resistance (worn)
 D - the +0 pair of boots of the Armadillo (worn) {rElec Int+3}
   (You bought it in a shop on level 4 of the Dungeon)

   It affects your intelligence (+3).
   It insulates you from electricity.
 I - the +6 plate armour of Spring (worn) {rN++ Int+3 Slay-2 Stlth+}
   (You bought it in a shop on level 4 of the Dungeon)

   It affects your intelligence (+3).
   It affects your accuracy and damage with ranged weapons and melee attacks
   (-2).
   It greatly protects you from negative energy.
   It makes you more stealthy.
 N - a +2 pair of gloves of dexterity (worn)
Jewellery
 d - the ring "Razuj" (right hand) {rCorr Str+6 Int+2 Dex+7 Stlth+}
   (You acquired it on level 9 of the Dungeon)

   [ring of strength]

   It affects your strength (+6).
   It affects your intelligence (+2).
   It affects your dexterity (+7).
   It protects you from acid and corrosion.
   It makes you more stealthy.
 u - a ring of see invisible
 v - a +4 ring of evasion (left hand)
 T - a ring of willpower
 X - the necklace of Bloodlust (around neck) {*Rage +Rage Will++ Int-3 Slay+6}
   (You bought it in a shop on level 2 of the Orcish Mines)

   [amulet of nothing]

   It affects your intelligence (-3).
   It affects your accuracy and damage with ranged weapons and melee attacks
   (+6).
   It lets you go berserk.
   It may make you go berserk in combat.
   It greatly increases your willpower.
Wands
 a - a wand of digging (7)
 g - a wand of mindburst (34)
 q - a wand of polymorph (26)
 s - a wand of acid (8)
 S - a wand of charming (28)
 Y - a wand of paralysis (25)
 Z - a wand of iceblast (7)
Scrolls
 e - 19 scrolls of teleportation
 l - 4 scrolls of blinking
 m - 4 scrolls of fog
 t - 7 scrolls of immolation
 y - 5 scrolls of fear
 B - a scroll of torment
 F - 3 scrolls of magic mapping
 L - 3 scrolls of summoning
 O - a scroll of silence
 U - 7 scrolls of enchant armour
Potions
 c - 3 potions of resistance
 k - 9 potions of curing
 n - 2 potions of invisibility
 p - 4 potions of haste
 E - 6 potions of might
 G - 2 potions of ambrosia
 H - 4 potions of flight
 K - 3 potions of brilliance
 M - a potion of magic
 Q - 2 potions of cancellation
 V - 4 potions of heal wounds
Miscellaneous
 f - a lightning rod (1/4)
 r - a box of beasts (inert)
 w - a condenser vane (inert)
 J - a tin of tremorstones (1/2)
 R - a piece from Xom's chessboard (15/15)


   Skills:
 + Level 12.7 Fighting
 + Level 10.5 Armour
 + Level 11.0 Dodging
 - Level 11.0 Stealth
 - Level 4.0 Shields
 * Level 17.9 Unarmed Combat
 * Level 17.7 Invocations
 - Level 13.0 Evocations


You had 10 spell levels left.
You knew the following spells:

 Your Spells              Type           Power      Damage    Failure   Level
a - Ozocubu's Armour      Ice            0%         N/A       100%        3
b - Manifold Assault      Tloc           0%         N/A       100%        5

Your spell library contained the following spells:

 Spells                   Type           Power      Damage    Failure   Level
 Animate Skeleton         Necr           0%         N/A       96%         1
 Freeze                   Ice            0%         1d3       96%         1
 Magic Dart               Conj           0%         1d3       96%         1
 Pain                     Necr           0%         1d4       96%         1
 Blink                    Tloc           N/A        N/A       99%         2
 Call Imp                 Summ           0%         N/A       99%         2
 Passwall                 Tmut/Erth      0%         N/A       99%         2
 Slow                     Hex            0%         N/A       99%         2
 Conjure Flame            Conj/Fire      0%         6-21      100%        3
 Frozen Ramparts          Ice            0%         1d2       100%        3
 Gell's Gravitas          Tloc           0%         N/A       100%        3
 Lesser Beckoning         Tloc           0%         N/A       100%        3
 Mephitic Cloud           Conj/Pois/Air  0%         N/A       100%        3
 Teleport Other           Tloc           0%         N/A       100%        3
 Vampiric Draining        Necr           0%         2d6       100%        3
 Animate Dead             Necr           0%         N/A       100%        4
 Hailstorm                Conj/Ice       0%         3d3       100%        4
 Agony                    Necr           0%         N/A       100%        5
 Borgnjor's Vile Clutch   Necr/Erth      0%         N/A       100%        5
 Excruciating Wounds      Necr           0%         N/A       100%        5
 Metabolic Englaciation   Hex/Ice        0%         N/A       100%        5
 Summon Forest            Summ/Tloc      0%         N/A       100%        5
 Summon Mana Viper        Hex/Summ       0%         N/A       100%        5
 Death Channel            Necr           0%         N/A       100%        6
 Shadow Creatures         Summ           N/A        N/A       100%        6
 Simulacrum               Ice/Necr       0%         N/A       100%        6
 Summon Hydra             Summ           0%         N/A       100%        7
 Wereblood                Tmut           Unusable   N/A       N/A         2
 Spider Form              Tmut/Pois      Unusable   N/A       N/A         3
 Ice Form                 Ice/Tmut       Unusable   N/A       N/A         4
 Statue Form              Tmut/Erth      Unusable   N/A       N/A         6

Dungeon Overview and Level Annotations

Branches:
Dungeon (15/15)            Temple (0/1) D:6            Lair (6/6) D:10
  Swamp (4/4) Lair:3       Spider (4/4) Lair:4        Slime (0/5) Lair:6
    Orc (2/2) D:12            Elf (0/3) Orc:2        Vaults (0/5) D:14
 Depths (0/5) D:15          Sewer (visited)         Ossuary (visited)

Altars:
Ashenzari
Cheibriados
Dithmenos
Elyvilon
Fedhas
Gozag
Kikubaaqudgha
Nemelex Xobeh
Okawaru
Qazlal
Sif Muna
Trog
Uskayaw
Zin
Beogh
Jiyva
Lugonu

Shops:
D:4 [[=:   D:7 *   D:8 **   Orc:1 :   Orc:2 *(?=

Portals:
Abyss: Lair:4
Pandemonium: Orc:2
Trove: D:15 (give 5 potions of resistance)


Innate Abilities, Weirdness & Mutations

You thrive by killing the living.
You are immune to poison.
You have sharp fingernails.
Your flesh is cold resistant. (rC+)
You are immune to negative energy. (rN+++)
You do not regenerate when monsters are visible.
You are immune to unholy pain and torment.


Message History

Your -1 long sword of flaming burns the emperor scorpion.
The emperor scorpion dies!
Your -1 long sword of flaming barely misses the emperor scorpion.
Your juvenile oxfire beast breathes flames at the emperor scorpion.
The blast of flame hits the emperor scorpion!!
Your lightning rod (1/4) has regained one charge.
Your -1 long sword of flaming hits the emperor scorpion!
Your -1 long sword of flaming burns the emperor scorpion.
Your juvenile oxfire beast hits the emperor scorpion!
Your juvenile oxfire beast tramples the emperor scorpion.
The emperor scorpion holds its ground!
The emperor scorpion stings your juvenile oxfire beast!!
Your juvenile oxfire beast dies!
Your juvenile oxfire beast's corpse disappears in a puff of smoke!
Unknown command.
Unknown command.
You draw a card...
You have drawn the Elements.
Your -1 long sword of flaming hits the emperor scorpion but does no damage.
Something closely misses you. Something hits you but does no damage.
Something stings you but does no damage.
Your -1 long sword of flaming barely misses the emperor scorpion.
The emperor scorpion misses your -1 long sword of flaming.
The emperor scorpion barely misses your -1 long sword of flaming.
The emperor scorpion misses your -1 long sword of flaming.
Unknown command.
Your -1 long sword of flaming hits the emperor scorpion but does no damage.
The emperor scorpion closely misses your -1 long sword of flaming.
The emperor scorpion claws your -1 long sword of flaming but does no damage.
The emperor scorpion claws your -1 long sword of flaming!
Your -1 long sword of flaming is destroyed!
Your catoblepas gores the emperor scorpion!!
Unknown command.
Unknown command.
Your catoblepas gores the emperor scorpion!!
The emperor scorpion dies!
Something hits you but does no damage. Something hits you!
* * * LOW HITPOINT WARNING * * *
Something stings you!
You die...
Your body disappears without a glow.

#^.....^......#.†..
##...^..!.........^
....!.^...†....... ##
##..#.#..††#...... #≈≈
##≈......†#†.^..... ≈≈..
#......##†.††##.^..
.....####^≈≈.†...†........#
#.§§§#9.k..†...(#.....#..
#..§††Y...@.........#[...
###§..^.≈#.^..#.....#..#.
#########.......†..#....^.....
#.....###.....................
...............†#....^..#^...
#.....^#......^†..#....^...
####.#..†[.^.........<..#.##.
#.............[#^#....#.....
....†#†........#..^...^.....#


You could see a friendly catoblepas (summoned), a friendly wind drake (summoned,
repels missiles) and a friendly molten gargoyle (summoned).

Vanquished Creatures
  Arachne (Spider:2)
  A thorn hunter (Swamp:4)
  Kirke (D:14)
  A fire giant (D:15)
  2 fenstrider witches
  The ghost of Xotausus the Blocker, an adept DsFi of Okawaru (Swamp:1)
  3 ghost moths
  3 emperor scorpions
  An orc warlord (Orc:2)
  A spriggan defender (Swamp:1)
  2 bunyips
  2 dire elephants (Lair:6)
  2 entropy weavers (Spider:4)
  4 spark wasps
  3 eleionomae
  A fire dragon (D:13)
  An ettin (Lair:3)
  Fannar (D:12)
  22 hydras
  5 boulder beetles
  A catoblepas (Lair:3)
  An alligator snapping turtle (Lair:3)
  2 anacondas
  2 centaur warriors
  An alligator (Swamp:2)
  6 two-headed ogres
  2 death yaks
  A tengu warrior (D:9)
  A shock serpent (D:9)
  6 orc high priests (Orc:2)
  3 spriggan berserkers
  A spectral dire elephant (Lair:6)
  A deep elf knight (D:13)
  22 spriggans
  A spectral death yak (Lair:6)
  A death drake (Lair:4)
  A spectral anaconda (Lair:6)
  6 goliath frogs
  5 spriggan druids
  12 bog bodies
  A sea snake (D:13)
  2 torturous demonspawn (Orc:2)
  8 swamp dragons
  An obsidian statue (Lair:6)
  A deep elf archer (Orc:2)
  2 lindwurms
  A harpy (Lair:4)
  32 wolf spiders
  10 orb spiders
  A wizard (D:14)
  5 orc knights
  4 necromancers
  4 deep elf pyromancers
  3 deep elf zephyrmancers (Orc:2)
  An oklob plant (Lair:2)
  5 orc sorcerers
  4 cyclopes
  3 manticores
  2 will-o-the-wisps
  2 salamanders
  8 elephants
  8 ugly things
  5 black mambas
  7 moths of wrath
  11 cane toads
  2 torpor snails
  9 komodo dragons
  13 rime drakes
  5 unseen horrors
  10 demonic crawlers
  2 ice devils (Orc:2)
  An efreet (D:15)
  2 red devils (Orc:2)
  6 trolls
  3 hydra zombies (Swamp:4)
  A meliai (shapeshifter) (D:9)
  19 hornets
  A wolf spider simulacrum (D:15)
  12 tyrant leeches
  Prince Ribbit (D:7)
  A wind drake (Spider:2)
  8 slime creatures
  26 jumping spiders
  3 spectral elephants (Lair:6)
  6 dream sheep (Lair:4)
  10 blink frogs
  A snapping turtle (D:13)
  A meliai zombie (D:10)
  63 redbacks
  25 tarantellas
  2 wyverns
  2 dire elephant simulacra (Lair:6)
  5 wraiths
  Eustachio (D:6)
  A vampire (D:9)
  25 yaks
  3 hogs (D:14)
  A human (Lair:3)
  9 basilisks
  19 vampire mosquitoes
  6 steam dragons
  A golden eye (shapeshifter) (D:14)
  2 chaos spawn (Orc:2)
  17 swamp worms
  2 spectral cane toads (Lair:6)
  Edmund (D:5)
  2 wargs (Orc:2)
  3 acid dragons
  17 water moccasins
  23 orc warriors
  11 swamp drakes
  3 sky beasts
  A sky beast (shapeshifter) (Spider:2)
  A black bear (D:8)
  3 elephant zombies (Lair:6)
  2 ice beasts
  A necrophage (D:7)
  4 ogres
  5 centaurs
  3 wolves (Lair:5)
  3 elephant skeletons (Lair:6)
  A phantom (D:4)
  3 kobold brigands
  11 bullfrogs
  A scorpion (D:7)
  A wyvern zombie (D:9)
  A gnoll sergeant (D:6)
  2 cane toad simulacra (Lair:6)
  A wyvern skeleton (D:7)
  5 water moccasin zombies (Ossuary)
  A water moccasin skeleton (D:6)
  A ballistomycete (Lair:1)
  2 killer bees
  An elephant simulacrum (Lair:6)
  A troll skeleton (D:9)
  5 wights (D:8)
  A vampire bat (D:3)
  6 howler monkeys
  5 spriggan skeletons (D:9)
  6 centaur zombies
  A jelly (D:7)
  5 hounds
  17 orc priests
  A centaur skeleton (D:7)
  2 bullfrog skeletons (D:6)
  Ijyb (D:3)
  Terence (D:3)
  4 iguanas
  13 orc wizards
  A killer bee zombie (D:7)
  A howler monkey zombie (D:8)
  2 mummies (Ossuary)
  7 gnolls
  A river rat (D:11)
  6 adders
  An ufetubus (D:5)
  4 adder zombies (Ossuary)
  An adder skeleton (D:4)
  3 worms
  2 dart slugs
  5 fire bats
  48 orcs
  2 spectral bats (D:3)
  12 bats
  3 bat skeletons (D:3)
  A bat zombie (D:3)
  4 endoplasms
  10 giant cockroaches
  6 hobgoblins
  7 jackals
  7 kobolds
  6 quokkas
  8 ball pythons
  A bat simulacrum (D:3)
  3 frilled lizards
  4 goblins
  3 hobgoblin zombies (Ossuary)
  4 kobold zombies (Ossuary)
  3 orc zombies (Ossuary)
  7 rats
948 creatures vanquished.

Vanquished Creatures (collateral kills)
  the Lernaean hydra (Swamp:4)
  Rupert (Lair:3)
  Roxanne (D:15)
  3 emperor scorpions (Spider:4)
  An entropy weaver (Spider:3)
  A shambling mangrove (Lair:1)
  A great orb of eyes (D:13)
  A ghost crab (Swamp:1)
  2 hydras (Swamp:3)
  A death knight (D:13)
  An orc high priest (Orc:2)
  A skeletal warrior (D:13)
  A gelid demonspawn (Orc:2)
  3 orb spiders
  An orc sorcerer (Orc:2)
  2 wolf spiders (Spider:4)
  A moth of wrath (Lair:4)
  2 black mambas
  3 elephants (Lair:4)
  Joseph (D:7)
  2 freezing wraiths (D:13)
  2 komodo dragons
  A wind drake (D:13)
  A hornet (Lair:4)
  A raiju (Lair:4)
  4 tarantellas (Spider:4)
  3 redbacks
  5 yaks
  A wraith (D:13)
  2 fire bats (Lair:4)
  A basilisk (Lair:4)
  A hog (Lair:4)
  A steam dragon (Lair:2)
  A vampire mosquito (D:13)
  2 water moccasins
  A black bear (Lair:1)
  A necrophage (D:4)
  An ogre (Lair:4)
  A ballistomycete (Lair:1)
  The ghost of flotson the Sneak, a weakling DsDe (D:5)
  An orc priest (D:5)
  A gnoll shaman (D:4)
  An orc wizard (D:5)
  3 gnolls
  A white imp (D:5)
  3 orcs (D:5)
  A hobgoblin (Lair:4)
  A ball python (D:4)
74 creatures vanquished.

Vanquished Creatures (others)
  A swamp dragon (Swamp:3)
  A wizard (D:7)
  A rime drake (Lair:2)
  2 bloated husks
  A human (D:14)
  A steam dragon (Lair:2)
  A swamp worm (Swamp:1)
  A hound (Lair:4)
  2 ballistomycete spores (Lair:1)
  6 foxfires
  22 fungi
  2 lurking horrors (Lair:4)
  34 plants
  19 withered plants (Lair:6)
94 creatures vanquished.

Grand Total: 1116 creatures vanquished

Notes
Turn   | Place    | Note
-------+----------+-------------------------------------------
     0 | D:1      | mandarbmax the Ghoul Monk began the quest for the Orb.
     0 | D:1      | Reached XP level 1. HP: 19/19 MP: 0/0
   120 | D:1      | Reached XP level 2. HP: 20/26 MP: 1/1
   356 | D:1      | Found a faded altar of an unknown god.
   414 | D:1      | Became a worshipper of Nemelex Xobeh the Trickster
   414 | D:1      | Reached * piety under Nemelex Xobeh
   414 | D:1      | Received a gift from Nemelex Xobeh
   414 | D:1      | Reached ** piety under Nemelex Xobeh
   414 | D:1      | Received a gift from Nemelex Xobeh
   933 | D:2      | Reached skill level 1 in Invocations
   933 | D:2      | Reached XP level 3. HP: 11/31 MP: 2/2
  1399 | D:2      | You fall into a shaft and drop 2 floors!
  1400 | D:4      | Noticed a phantom
  1407 | D:4      | Killed a phantom
  1408 | D:4      | Reached XP level 4. HP: 38/38 MP: 3/5
  1414 | D:4      | Noticed a necrophage
  1422 | D:4      | Killed a necrophage
  1423 | D:4      | Reached skill level 5 in Unarmed Combat
  1423 | D:4      | Reached XP level 5. HP: 45/45 MP: 4/6
  1697 | D:4      | Found Qeacuaro's Jewellery Shoppe.
  1700 | D:4      | Found Zuq Izown's Book Shoppe.
  1700 | D:4      | Found Mosamub's Antique Armour Shoppe.
  1702 | D:4      | Found Peirump's Antique Armour Shoppe.
  1733 | D:3      | Found a glowing drain.
  1764 | Sewer    | Entered a sewer
  1764 | Sewer    | Reached *** piety under Nemelex Xobeh
  1776 | Sewer    | Reached XP level 6. HP: 49/51 MP: 7/7
  2522 | D:3      | Noticed Terence
  2537 | D:3      | Killed Terence
  2656 | D:3      | Noticed Ijyb
  2702 | D:3      | Killed Ijyb
  2932 | D:2      | Reached XP level 7. HP: 57/57 MP: 9/9
  3051 | D:2      | You fall into a shaft and drop 2 floors!
  3085 | D:4      | Received a gift from Nemelex Xobeh
  3584 | D:3      | Reached skill level 5 in Invocations
  3806 | D:3      | Reached **** piety under Nemelex Xobeh
  4492 | D:4      | Identified the +2 leather armour of Gicveux {Harm Int+4
                  | Dex+3}
  4598 | D:4      | Received a gift from Nemelex Xobeh
  4942 | D:5      | Entered Level 5 of the Dungeon
  4959 | D:5      | Received a gift from Nemelex Xobeh
  5075 | D:5      | Noticed flotson's ghost (weakling DsDe)
  5204 | D:5      | Found a runed translucent gate.
  5204 | D:5      | Found a runed translucent gate.
  5204 | D:5      | Found a runed translucent gate.
  5230 | D:5      | Reached XP level 8. HP: 61/63 MP: 11/11
  5259 | D:5      | Found a hide-covered altar of Uskayaw.
  5535 | D:5      | Reached ***** piety under Nemelex Xobeh
  5694 | D:5      | Noticed Edmund
  5705 | D:5      | Killed Edmund
  5739 | D:5      | Killed flotson's ghost
  5821 | D:6      | Found a sparkling altar of Nemelex Xobeh.
  5853 | D:6      | Received a gift from Nemelex Xobeh
  5887 | D:6      | Reached skill level 1 in Armour
  5888 | D:6      | Found a staircase to the Ecumenical Temple.
  6026 | D:6      | Found an opulent altar of Gozag.
  6044 | D:6      | Reached XP level 9. HP: 71/71 MP: 13/13
  6082 | D:6      | Found a sand-covered staircase.
  6097 | Ossuary  | Entered an ossuary
  6475 | D:6      | Received a gift from Nemelex Xobeh
  6487 | D:6      | Noticed Eustachio
  6510 | D:6      | Killed Eustachio
  6586 | D:6      | Noticed an angel
  7047 | D:7      | Found Catzotij's Commerce Corner.
  7096 | D:7      | Noticed Prince Ribbit
  7103 | D:7      | Killed Prince Ribbit
  7104 | D:7      | Reached skill level 5 in Fighting
  7141 | D:7      | Learned a level 3 spell: Ozocubu's Armour
  7436 | D:7      | Found a shadowy altar of Dithmenos.
  7474 | D:7      | Found a stormy altar of Qazlal.
  7533 | D:7      | Found a broken altar of Ashenzari.
  7598 | D:7      | Found an ancient bone altar of Kikubaaqudgha.
  7614 | D:7      | Found a snail-covered altar of Cheibriados.
  7663 | D:7      | Received a gift from Nemelex Xobeh
  7772 | D:7      | Noticed Joseph
  7782 | D:7      | Killed Joseph
  7783 | D:7      | Reached XP level 10. HP: 28/81 MP: 13/15
  7894 | D:7      | Reached skill level 10 in Unarmed Combat
  7958 | D:7      | Found a bloodstained altar of Trog.
  7960 | D:7      | Noticed a wizard
  7965 | D:7      | Killed a wizard
  8213 | D:8      | Received a gift from Nemelex Xobeh
  8316 | D:8      | Reached skill level 5 in Dodging
  8421 | D:8      | Found Douwimon's General Store.
  8424 | D:8      | Found Ixeg Inn's Specific Store.
  8483 | D:8      | Noticed a two-headed ogre
  8500 | D:8      | Killed a two-headed ogre
  8728 | D:4      | Bought a pair of slimy boots for 294 gold pieces
  8728 | D:4      | Identified the +0 pair of boots of the Armadillo {rElec
                  | Int+3} (You bought it in a shop on level 4 of the Dungeon)
  8928 | D:8      | Found an iron altar of Okawaru.
  9170 | D:8      | Reached skill level 10 in Invocations
  9513 | D:8      | Found a shimmering blue altar of Sif Muna.
  9599 | D:8      | Received a gift from Nemelex Xobeh
 10066 | D:9      | Received a gift from Nemelex Xobeh
 10194 | D:9      | Noticed a manticore
 10203 | D:9      | Killed a manticore
 10204 | D:9      | Reached XP level 11. HP: 16/91 MP: 17/17
 10211 | D:9      | Noticed a four-headed hydra
 10280 | D:9      | Killed a four-headed hydra
 10328 | D:9      | Noticed a tengu warrior
 10341 | D:9      | Killed a tengu warrior
 10516 | D:9      | Found a blossoming altar of Fedhas.
 10566 | D:9      | Noticed a two-headed ogre
 10568 | D:9      | Noticed a shock serpent
 10568 | D:9      | a two-headed ogre changed into a shock serpent
 10581 | D:9      | Killed a shock serpent
 10669 | D:9      | Received a gift from Nemelex Xobeh
 10851 | D:9      | Noticed a centaur warrior
 10894 | D:9      | Killed a centaur warrior
 10917 | D:9      | Identified 2 scrolls of acquirement
 10917 | D:9      | Acquired the +3 warlock's mirror {reflect}
 10918 | D:9      | Found the +3 warlock's mirror {reflect}
 10924 | D:9      | Acquired the ring "Razuj" {rCorr Str+6 Int+2 Dex+7 Stlth+}
 11048 | D:9      | Reached skill level 5 in Stealth
 11072 | D:9      | Reached skill level 5 in Armour
 11563 | D:10     | Entered Level 10 of the Dungeon
 11618 | D:10     | Received a gift from Nemelex Xobeh
 12023 | D:10     | Received a gift from Nemelex Xobeh
 12137 | D:10     | Found a staircase to the Lair.
 12230 | D:10     | Noticed a two-headed ogre
 12241 | D:10     | Killed a two-headed ogre
 12242 | D:10     | Reached skill level 1 in Shields
 12461 | D:11     | Received a gift from Nemelex Xobeh
 12729 | D:11     | Reached XP level 12. HP: 98/100 MP: 19/19
 12739 | D:11     | Acquired 1373 gold pieces
 12927 | D:4      | Bought a manual of Evocations for 1435 gold pieces
 12931 | D:4      | Bought a glowing helmet for 232 gold pieces
 13067 | Lair:1   | Entered Level 1 of the Lair of Beasts
 13175 | Lair:1   | Reached skill level 1 in Evocations
 13199 | Lair:1   | Received a gift from Nemelex Xobeh
 13234 | Lair:1   | Noticed a shambling mangrove
 13234 | Lair:1   | an oklob plant changed into a shambling mangrove
 13239 | Lair:1   | Killed a shambling mangrove
 13746 | Lair:1   | Received a gift from Nemelex Xobeh
 13747 | Lair:1   | Noticed a four-headed hydra
 13755 | Lair:1   | Killed a four-headed hydra
 14302 | Lair:2   | Received a gift from Nemelex Xobeh
 14517 | Lair:2   | Reached skill level 5 in Evocations
 14530 | Lair:2   | Identified the -1 trident of Muil Tou {flame, Will+ Str+5
                  | Dex-5}
 14949 | Lair:3   | Reached XP level 13. HP: 93/107 MP: 21/21
 15205 | D:4      | Bought a shimmering plate armour for 868 gold pieces
 15205 | D:4      | Identified the +6 plate armour of Spring {rN++ Int+3 Slay-2
                  | Stlth+} (You bought it in a shop on level 4 of the Dungeon)
 15455 | Lair:3   | Noticed a ghost moth
 15455 | Lair:3   | a death yak changed into a ghost moth
 15455 | Lair:3   | Noticed an ettin
 15455 | Lair:3   | a death yak changed into an ettin
 15466 | Lair:3   | Killed a ghost moth
 15473 | Lair:3   | Killed an ettin
 15495 | Lair:3   | Received a gift from Nemelex Xobeh
 15799 | Lair:3   | Found a staircase to the Swamp.
 15842 | Lair:3   | Noticed Rupert
 15850 | Lair:3   | Killed Rupert
 16504 | Lair:4   | Acquired an amulet of guardian spirit
 16766 | Lair:4   | Found a hole to the Spider Nest.
 17042 | Lair:4   | Reached XP level 14. HP: 115/116 MP: 20/22
 17174 | Lair:4   | Found a corrupted altar of Lugonu.
 17197 | Lair:4   | Found a one-way gate to the infinite horrors of the Abyss.
 17306 | Lair:4   | Learned a level 5 spell: Manifold Assault
 17392 | Lair:4   | Received a gift from Nemelex Xobeh
 17887 | Lair:5   | Received a gift from Nemelex Xobeh
 18610 | Lair:6   | Entered Level 6 of the Lair of Beasts
 18716 | Lair:6   | Found a viscous altar of Jiyva.
 18716 | Lair:6   | Found a staircase to the Slime Pits.
 18750 | Lair:6   | Received a gift from Nemelex Xobeh
 19006 | Lair:6   | Reached ****** piety under Nemelex Xobeh
 19154 | Lair:6   | Noticed a dire elephant
 19770 | Lair:6   | Received a gift from Nemelex Xobeh
 19918 | Lair:6   | Killed a dire elephant
 20097 | Lair:6   | Identified the +0 helmet of Hide-and-Seek {Slay+5}
 20228 | Lair:6   | Noticed a dire elephant
 20241 | Lair:6   | Killed a dire elephant
 20391 | Lair:6   | Reached skill level 10 in Evocations
 21265 | D:4      | Bought a pair of glowing gloves for 210 gold pieces
 21814 | D:12     | Received a gift from Nemelex Xobeh
 21889 | D:12     | Noticed Fannar
 21898 | D:12     | Reached XP level 15. HP: 119/126 MP: 22/24
 21907 | D:12     | Killed Fannar
 21985 | D:12     | Found a staircase to the Orcish Mines.
 23260 | D:13     | Received a gift from Nemelex Xobeh
 23641 | D:13     | Reached skill level 10 in Fighting
 24580 | D:14     | Noticed Kirke
 24599 | D:14     | Killed Kirke
 24988 | D:14     | Found a gate to the Vaults.
 25015 | D:14     | Received a gift from Nemelex Xobeh
 25668 | D:14     | Killed a ghost moth
 25669 | D:14     | Cast into level 2 of the Abyss (a wizard)
 25682 | D:14     | Escaped the Abyss
 25688 | D:14     | Reached skill level 15 in Unarmed Combat
 25688 | D:14     | Received a gift from Nemelex Xobeh
 26155 | D:15     | Entered Level 15 of the Dungeon
 26236 | D:15     | Found a shadowy altar of Dithmenos.
 26410 | D:15     | Noticed a fire giant
 26423 | D:15     | Found a staircase to the Depths.
 26723 | D:15     | Received a gift from Nemelex Xobeh
 26738 | D:15     | Killed a fire giant
 26823 | D:15     | Identified the +5 quarterstaff "Metaustri" {speed, Contam
                  | Str+4}
 26880 | D:15     | Identified Roxanne's Reference Book on Moulding
 26880 | D:15     | Noticed Roxanne
 26894 | D:15     | Killed Roxanne
 26987 | D:15     | Found a portal to a secret trove of treasure.
 27051 | D:15     | Reached XP level 16. HP: 135/135 MP: 26/26
 27338 | Orc:1    | Entered Level 1 of the Orcish Mines
 27338 | Orc:1    | Found Coniqouf's Book Boutique.
 27381 | Orc:1    | Paralysed by an orc sorcerer for 5 turns
 27502 | Orc:2    | Entered Level 2 of the Orcish Mines
 27678 | Orc:2    | Received a gift from Nemelex Xobeh
 27681 | Orc:2    | Found a staircase to the Elven Halls.
 27763 | Orc:2    | Found Tifydinn's Magic Scroll Shoppe.
 27773 | Orc:2    | Found Rugozyg's General Store.
 27969 | Orc:2    | Reached skill level 10 in Stealth
 28487 | Orc:2    | Reached skill level 15 in Invocations
 28648 | Orc:2    | Found Payxt's Jewellery Boutique.
 28648 | Orc:2    | Found Aczolerr's Antique Weapon Shop.
 28648 | Orc:2    | Found a one-way gate leading to the halls of Pandemonium.
 29162 | Orc:2    | Bought the necklace of Bloodlust {*Rage +Rage Will++ Int-3
                  | Slay+6} for 604 gold pieces
 29162 | Orc:2    | Found the necklace of Bloodlust {*Rage +Rage Will++ Int-3
                  | Slay+6}
 29395 | Swamp:1  | Entered Level 1 of the Swamp
 29406 | Swamp:1  | Received a gift from Nemelex Xobeh
 29780 | Swamp:1  | Noticed a fenstrider witch
 29792 | Swamp:1  | Killed a fenstrider witch
 29940 | Swamp:1  | Noticed Xotausus's ghost (adept DsFi)
 30064 | Swamp:1  | Found a transporter.
 30070 | Swamp:1  | Found a bloodstained altar of Trog.
 30084 | Swamp:1  | Found a transporter.
 30780 | Orc:2    | Bought a condenser vane for 480 gold pieces
 31028 | Swamp:1  | Killed Xotausus's ghost
 31527 | Swamp:2  | Reached XP level 17. HP: 84/144 MP: 27/27
 32352 | Swamp:2  | Received a gift from Nemelex Xobeh
 33020 | Swamp:3  | Received a gift from Nemelex Xobeh
 33500 | Swamp:4  | Entered Level 4 of the Swamp
 33956 | Swamp:4  | Reached skill level 10 in Dodging
 35085 | Swamp:4  | Identified the Papyrus of Reanimation Made Easy
 35636 | Swamp:4  | Noticed the 27-headed Lernaean hydra
 35881 | Swamp:4  | Killed the 27-headed Lernaean hydra
 35895 | Swamp:4  | Got a decaying rune of Zot
 36232 | Spider:1 | Entered Level 1 of the Spider Nest
 36258 | Spider:1 | Reached XP level 18. HP: 91/154 MP: 29/29
 36483 | Spider:1 | Received a gift from Nemelex Xobeh
 36772 | Spider:2 | Reached skill level 10 in Armour
 36773 | Spider:2 | Noticed Arachne
 36800 | Spider:2 | Killed Arachne
 37312 | Spider:3 | Received a gift from Nemelex Xobeh
 38012 | Spider:4 | Entered Level 4 of the Spider Nest
 38012 | Spider:4 | Received a gift from Nemelex Xobeh
 38570 | Spider:4 | Reached XP level 19. HP: 17/162 MP: 0/30
 38575 | Spider:4 | HP: 8/162 [something (9)]
 38575 | Spider:4 | Slain by a ghost moth

Illustrated notes

Levels and vault maps discovered:
D:1:      roderic_chinese_lattice_arrival, layout_basic,
          hellmonk_ecumenical_altar_heavens_door, chequers_big_river
D:2:      layout_basic
D:3:      layout_loops_ring, portal_sewer_entry_c, goddamned_bats, uniq_ijyb,
          uniq_terence
D:4:      layout_gridville, minmay_shop_grid_forest, grunt_decor_junction
D:5:      layout_basic, amcnicky_altar_gilded, gammafunk_ghost_split,
          hangedman_decor_diamond_cutter, guppyfry_early_orc_mine, uniq_edmund
D:6:      layout_cave_pods, lemuel_round_altar, kennysheep_mini, zin_angel,
          temple_statues, nicolae_ossuary_entry_ruins,
          hangedman_decor_peaks_small, uniq_eustachio
D:7:      layout_basic, nicolae_overflow_quartered_altars, trog_wizard,
          kennysheep_mini_moat, nicolae_alphabet_shops, uniq_prince_ribbit1,
          uniq_joseph
D:8:      layout_loops_ring, okawaru_metal_pillars_1_2, tgw_sif, st_stairs_12,
          nicolae_specific_store, minmay_increasing_density
D:9:      nzn_winding_woodlands_three_and_one
          [nzn_winding_woodlands_5x15_parted,
          nzn_winding_woodlands_5x15_split_checker,
          nzn_winding_woodlands_5x15_cabin,
          nzn_winding_woodlands_center_triple_pond], layout_stronghold,
          fedhas_altar_1, serial_co_window_serial, co_window_paths_a,
          co_window_corner_a, co_window_paths_b, co_window_corner_a,
          co_window_corner_a, co_window_paths_a, co_window_paths_b,
          co_window_of_opportunity_c, co_window_paths_c,
          co_window_of_opportunity_b, co_window_paths_e, co_window_paths_d,
          glass_columns_b, glass_columns_c, hangedman_tell_no_tales
D:10:     layout_irregular_city, lair_entry_dummy
D:11:     layout_gridville
D:12:     layout_basic, orc_0_dummy, uniq_fannar
D:13:     lemuel_ice_spiral_2, layout_irregular_city, kennysheep_generic_room_13
D:14:     layout_gridville, david_vaults_1, corexii_leaking_fountain, uniq_kirke
D:15:     grunt_enter_depths_giant_problem, layout_cave_pools,
          grunt_dithmenos_smoke, enter_trove_3, uniq_roxanne
Lair:1:   layout_long_grid, minmay_lair_oklob_chamber, serial_bayou_shore_b
Lair:2:   layout_big_grid, bobbens_dragon_lair_wall, serial_bayou_shore_a,
          grunt_megastairs_3
Lair:3:   layout_loops_ring, minmay_swamp_entry_wisps, grunt_megastairs_1,
          uniq_rupert
Lair:4:   beast_lair_carwin_large_3, layout_big_grid,
          spider_nest_entry_web_field, basic_altar,
          amcnicky_altar_lugonu_corruption
Lair:5:   layout_regular_city, st_stairs_6
Lair:6:   due_jungle_book, layout_regular_city, slime_altar_1,
          serial_bayou_shore_b
Swamp:1:  layout_basic_swamp, gammafunk_ghost_wrathful_warriors,
          evilmike_swamp_ruin_rubble_2
Swamp:2:  nicolae_swamp_ascending_descending_big, layout_basic_swamp,
          nicolae_swamp_rocky_clearing
Swamp:3:  layout_basic_swamp, hangedman_swamp_cone
Swamp:4:  grunt_swamp_rune_castle, layout_basic_swamp, swamp_pool3,
          nicolae_swamp_necromancy_gone_wrong, infiniplex_staircase_pool
Spider:1: layout_spider_delve
Spider:2: layout_spider_delve, uniq_arachne
Spider:3: layout_spider_delve
Spider:4: grunt_spider_rune_circles
Orc:1:    layout_diamond_mine, serial_shops, shop_fountains,
          biasface_ghost_orc_armoury, nicolae_orc_lost_temple
Orc:2:    pf_orc_diabolical, layout_caves, basic_altar, elf_legates

Skill      XL: |  1  2  3  4  5  6  7  8  9 10 11 12 13 14 15 16 17 18 |
---------------+-------------------------------------------------------+-----
Dodging        | 3 4 5 6 7 8 9 10 11 | 11.0
Unarmed Combat | 4 5 6 7 8 9 11 12 13 14 15 16 17 | 17.9
Invocations    | 1 2 3 4 6 7 9 10 11 12 13 14 15 16 17 | 17.7
Armour         | 1 3 4 5 6 7 8 9 10 | 10.5
Fighting       | 4 5 6 7 8 9 10 11 12 | 12.7
Stealth        | 4 5 6 7 8 9 10 11 | 11.0
Shields        | 1 3 4 |  4.0
Evocations     | 5 8 10 12 13 | 13.0

Action                   |  1- 3 |  4- 6 |  7- 9 | 10-12 | 13-15 | 16-18 | 19-21 || total
-------------------------+-------+-------+-------+-------+-------+-------+-------++-------
Melee: Unarmed           |    75 |   144 |   418 |   526 |  1284 |  1214 |       ||  3661
       Punch             |     1 |     4 |    10 |    10 |       |       |       ||    25
Throw: Dart              |       |    12 |    39 |    98 |    68 |       |       ||   217
       Boomerang         |       |       |       |    10 |    31 |   161 |       ||   202
       Javelin           |       |       |       |     3 |     2 |       |       ||     5
Invok: Draw Destruction  |     2 |     4 |     9 |    17 |    21 |    25 |       ||    78
       Draw Summoning    |       |     2 |     3 |     6 |    11 |    14 |     1 ||    37
       Draw Escape       |       |     2 |       |     2 |     4 |     1 |       ||     9
       Triple Draw       |       |       |     1 |     7 |       |     2 |       ||    10
       Deal Four         |       |       |       |     1 |     1 |     2 |       ||     4
Evoke: Wand              |       |       |       |     1 |     5 |       |       ||     6
       Piece from Xom's  |       |       |       |       |     3 |       |       ||     3
       Tin of tremorston |       |       |       |       |     6 |     7 |       ||    13
       Box of beasts     |       |       |       |       |     1 |     2 |       ||     3
       Condenser vane    |       |       |       |       |       |     5 |       ||     5
       Lightning rod     |       |       |       |       |       |     4 |       ||     4
  Use: Scroll            |       |     1 |    10 |    17 |     8 |     1 |       ||    37
       Potion            |       |       |       |     3 |     1 |     5 |       ||     9
 Stab: Sleeping          |     1 |       |     4 |     5 |    10 |     5 |       ||    25
       Distracted        |       |       |     1 |     2 |     1 |     5 |       ||     9
       Petrified         |       |       |       |       |     5 |       |       ||     5
       Petrifying        |       |       |       |       |     3 |       |       ||     3
       Invisible         |       |       |       |       |       |     2 |       ||     2
       Paralysed         |       |       |       |       |       |     2 |       ||     2
Armor: Robe              |    13 |    21 |       |       |       |       |       ||    34
       Scale mail        |       |    13 |   129 |       |       |       |       ||   142
       Leather armour    |       |       |   108 |   145 |       |       |       ||   253
       Plate armour      |       |       |       |       |   541 |   743 |     4 ||  1288
Dodge: Dodged            |    42 |    70 |   296 |   310 |   640 |  1080 |     2 ||  2440
Block: Buckler           |       |       |       |   109 |   491 |   631 |     1 ||  1232
       Reflection        |       |       |       |     5 |    23 |    23 |       ||    51

Table legend: (Time is in decaauts)
 A = Elapsed time spent in this place.
 B = Non-inter-level travel time spent in this place.
 C = Inter-level travel time spent in this place.
 D = Time resting spent in this place.
 E = Time spent auto-exploring this place.
 F = Levels seen in this place.
 G = Mean time per level.
                   A        B        C        D        E       F      G
               +--------+--------+--------+--------+--------+-----+--------+
         Total |  38251 |  34935 |   3316 |   6846 |  21582 |  34 | 1125.0 |
       Dungeon |  18736 |  16653 |   2083 |   2793 |  10914 |  15 | 1249.1 |
          Lair |   7808 |   7195 |    613 |    761 |   5073 |   6 | 1301.3 |
         Swamp |   6572 |   6245 |    327 |   2384 |   2922 |   4 | 1643.0 |
   Spider Nest |   2269 |   2235 |     34 |    657 |   1009 |   4 |  567.2 |
  Orcish Mines |   1935 |   1678 |    257 |     59 |   1204 |   2 |  967.5 |
         Abyss |     12 |     12 |      0 |      0 |      0 |   1 |   12.0 |
         Sewer |    729 |    729 |      0 |    192 |    365 |   1 |  729.0 |
       Ossuary |    186 |    186 |      0 |      0 |     94 |   1 |  186.0 |
               +--------+--------+--------+--------+--------+-----+--------+

Top non-repeatable levels by time:
  Lair:6: 2269 daAuts
 Swamp:3: 2037 daAuts
     D:9: 1952 daAuts
 Swamp:1: 1937 daAuts
    D:12: 1757 daAuts
   Orc:2: 1748 daAuts
 Swamp:4: 1661 daAuts
    D:14: 1566 daAuts
     D:3: 1407 daAuts
     D:8: 1346 daAuts
  Lair:4: 1321 daAuts
     D:7: 1308 daAuts
  Lair:3: 1284 daAuts
     D:4: 1284 daAuts
     D:6: 1256 daAuts
